Blackdemons vs Knights
Created - 14 mars 2013 at 18:57
Goals
|
| Blackdemons |
0 |
2 |
0 |
2 |
| Knights |
0 |
4 |
2 |
6 |
|
Shots
|
| Blackdemons |
13 |
11 |
4 |
28 |
| Knights |
13 |
13 |
11 |
37 |
|
1st period
No Goal
Penalties :
Darroll Powe (Lon) for Roughing (Minor) at 15:04, Karlis Skrastins (Lon) for Tripping (Minor) at 19:35
2nd period
1. Blackdemons , Enver Lisin 27 (Todd Fedoruk, Sam Gagner) at 0:46 (PP)
2. Knights , Nigel Dawes 23 (Nikolai Zherdev, Karlis Skrastins) at 8:00
3. Blackdemons , Curtis Glencross 12 (Barry Tallackson, Zack Hamill) at 8:33
4. Knights , Darroll Powe 23 (Nikolai Zherdev) at 11:02
5. Knights , Darroll Powe 24 (Nikolai Zherdev, Ryan Suter) at 12:12 (PP)
6. Knights , Darroll Powe 25 (Jeff Schultz, Zbynek Michalek) at 17:15
Penalties :
Frazer Mclaren (MJM) for Hooking (Minor) at 1:25, Ryan Suter (Lon) for Goalie Interference (Minor) at 9:32, Raphael Diaz (MJM) for Hooking (Minor) at 10:30, Matt Moulson (Lon) for Interference (Minor) at 13:17, Zbynek Michalek (Lon) for Boarding (Minor) at 19:50
3rd period
7. Knights , Nikolai Zherdev 20 (Jarret Stoll) at 5:11
8. Knights , Chris Thorburn 18 (Nathan Gerbe) at 17:15
Penalties :
Radoslav Suchy (MJM) for High sticking (Minor) at 1:52, Enver Lisin (MJM) for Roughing (Minor) at 13:03, Aaron Rome (Lon) for Hooking (Minor) at 18:25, Sam Gagner (MJM) for Roughing (Minor) at 18:25
Goalie Stats
Michal Neuvirth (MJM), 31 saves from 37 shots - (0,838), L, 15-14-3, 60:00 minutes
Michael Leighton (Lon), 26 saves from 28 shots - (0,929), W, 16-17-3, 60:00 minutes
Players Stats for Blackdemons
Player Name G A P +/- PIM S H SB GA TA FO MP PP MP PK MP
------------------------------------------------------------------------------------
Barry Tallackson 0 1 1 1 0 5 1 0 0 1 0/0 15:37 3:48 0:00
Curtis Brown 0 0 0 -2 0 1 0 0 0 0 5/10 12:27 0:11 3:01
Curtis Glencross 1 0 1 1 0 3 2 0 0 0 0/0 16:01 3:48 0:15
Enver Lisin 1 0 1 -1 2 4 1 1 1 0 1/4 15:45 4:08 0:00
Frazer Mclaren 0 0 0 -1 2 0 2 0 0 0 0/0 7:34 0:00 0:00
Jakub Kindl 0 0 0 -2 0 0 2 2 0 2 0/0 18:26 0:10 3:27
Karl Alzner 0 0 0 -2 0 0 1 1 0 3 0/0 15:52 0:00 2:30
Maxime Macenauer 0 0 0 -1 0 0 1 0 0 0 0/0 7:16 0:00 0:00
Michael Peca 0 0 0 -2 0 1 0 0 0 0 2/7 16:00 0:00 3:22
Nathan Paetsch 0 0 0 -2 0 1 0 1 0 0 0/0 23:52 4:02 3:11
Nikita Nikitin 0 0 0 0 0 1 4 3 0 0 0/0 20:05 4:04 1:25
Radoslav Suchy 0 0 0 -1 2 2 0 1 0 0 0/0 21:47 4:04 2:00
Raphael Diaz 0 0 0 -1 2 0 1 2 0 1 0/0 20:25 4:01 0:43
Sam Gagner 0 1 1 -1 2 2 0 0 0 0 9/16 15:39 4:07 0:00
Steve Konowalchuk 0 0 0 -2 0 3 1 0 0 0 1/1 16:14 0:00 3:01
Todd Fedoruk 0 1 1 -2 0 0 2 0 1 0 1/1 15:36 4:07 0:15
Tomas Kopecky 0 0 0 -2 0 4 2 0 1 1 0/1 16:29 0:11 3:22
Zack Hamill 0 1 1 1 0 1 2 1 0 0 10/21 15:37 3:48 0:00
Players Stats for Knights
Player Name G A P +/- PIM S H SB GA TA FO MP PP MP PK MP
------------------------------------------------------------------------------------
Aaron Rome 0 0 0 0 2 0 0 0 0 0 0/0 14:59 0:00 1:29
Bobby Butler 0 0 0 1 0 3 2 0 0 0 0/0 9:38 0:00 0:17
Chris Thorburn 1 0 1 1 0 3 0 0 1 0 0/1 9:41 0:00 0:00
Darroll Powe 3 0 3 1 2 8 0 0 1 1 13/23 22:00 4:40 3:51
Garnet Exelby 0 0 0 0 0 1 0 2 0 0 0/0 15:51 0:00 3:10
Jarret Stoll 0 1 1 2 0 0 0 2 0 1 12/22 15:35 1:58 0:48
Jeff Schultz 0 1 1 2 0 3 1 2 0 0 0/0 27:59 4:56 4:56
Joel Ward 0 0 0 0 0 0 1 0 1 0 1/1 9:01 0:00 0:00
Karlis Skrastins 0 1 1 2 2 2 0 0 0 0 0/0 19:24 1:42 4:10
Mats Zuccarello 0 0 0 0 0 3 0 0 0 0 0/2 10:00 0:00 0:59
Matt Moulson 0 0 0 0 2 3 2 1 1 0 0/0 15:11 1:58 0:49
Nathan Gerbe 0 1 1 1 0 1 0 1 0 0 1/3 9:40 0:00 0:19
Nigel Dawes 1 0 1 2 0 2 3 1 2 0 1/1 20:57 3:59 4:51
Nikolai Zherdev 1 3 4 3 0 5 3 1 1 0 1/3 21:09 4:40 2:09
Peter Mueller 0 0 0 0 0 0 0 0 0 0 3/5 9:01 0:00 0:00
Ryan Suter 0 1 1 3 2 1 1 1 0 0 0/0 19:42 4:56 0:00
Steve Downie 0 0 0 0 0 2 0 1 1 1 0/0 16:41 1:58 2:09
Zbynek Michalek 0 1 1 1 2 0 2 3 0 0 0/0 22:44 2:23 2:27
3 Stars
1 - Nikolai Zherdev (Lon)
2 - Darroll Powe (Lon)
3 - Nigel Dawes (Lon)
Power Play
Blackdemons - 1 on 5 Attempt(s) - 20,00%
Knights - 1 on 4 Attempt(s) - 25,00%
Penalty Kill
Blackdemons - 3 on 4 Attempt(s) - 75,00%
- Score 0 goal in Penalty Kill
Knights - 4 on 5 Attempt(s) - 80,00%
- Score 0 goal in Penalty Kill
Official
Referees : StPierre Justin and L'Ecuyer Frederick
Linesman : Greg Devorski and Andy McElman
Game Notes
Darroll Powe has scored a Hat Trick!
Blackdemons
5 vs 5 Forward
Center Left Wing Right Wing Time % Phy DF OF
1 Michael Peca Todd Fedoruk Tomas Kopecky 30 1 2 2
2 Sam Gagner Steve Konowalchuk Enver Lisin 30 1 2 2
3 Zack Hamill Curtis Glencross Barry Tallackson 30 1 2 2
4 Curtis Brown Frazer Mclaren Maxime Macenauer 10 1 2 2
5 vs 5 Defense
Defense Defense Time % Phy DF OF
1 Raphael Diaz Nathan Paetsch 40 1 3 1
2 Radoslav Suchy Nikita Nikitin 30 1 3 1
3 Karl Alzner Jakub Kindl 30 1 3 1
4 Karl Alzner Jakub Kindl 0 1 3 1
PowerPlay Forward
Center Left Wing Right Wing Time % Phy DF OF
1 Sam Gagner Todd Fedoruk Enver Lisin 50 0 1 4
2 Zack Hamill Curtis Glencross Barry Tallackson 50 2 1 2
PowerPlay Defense
Defense Defense Time % Phy DF OF
1 Radoslav Suchy Nikita Nikitin 50 1 2 2
2 Raphael Diaz Nathan Paetsch 50 1 2 2
Penalty Kill 4 Players Forward
Center Wing Time % Phy DF OF
1 Curtis Brown Steve Konowalchuk 50 1 3 1
2 Michael Peca Tomas Kopecky 50 1 3 1
Penalty Kill 4 Players Defense
Defense Defense Time % Phy DF OF
1 Radoslav Suchy Jakub Kindl 50 1 3 1
2 Karl Alzner Nathan Paetsch 50 1 3 1
Penalty Kill - 3 Players Forward
Forward Time % Phy DF OF
1 Michael Peca 60 0 5 0
2 Steve Konowalchuk 40 0 5 0
Penalty Kill - 3 Players Defense
Defense Defense Time % Phy DF OF
1 Radoslav Suchy Jakub Kindl 50 1 4 0
2 Karl Alzner Nathan Paetsch 50 1 4 0
4 vs 4 Forward
Center Wing Time % Phy DF OF
1 Curtis Brown Steve Konowalchuk 50 1 3 1
2 Michael Peca Tomas Kopecky 50 1 3 1
4 vs 4 Defense
Defense Defense Time % Phy DF OF
1 Radoslav Suchy Jakub Kindl 50 1 3 1
2 Raphael Diaz Nathan Paetsch 50 1 3 1
Last Minutes Offensive
Center Left Wing Right Wing Defense Defense
Curtis Brown Todd Fedoruk Enver Lisin Radoslav Suchy Nathan Paetsch
Last Minutes Defensive
Center Left Wing Right Wing Defense Defense
Michael Peca Steve Konowalchuk Tomas Kopecky Radoslav Suchy Nathan Paetsch
Goaltenders
Starting : Michal Neuvirth
Backup : Manny Fernandez
Extra Forwards
Normal : Sam Gagner, Zack Hamill, Todd Fedoruk - PP : Tomas Kopecky, Curtis Brown - PK : Curtis Glencross
Extra Defensemen
Normal : Raphael Diaz, Nikita Nikitin, Karl Alzner - PP : Karl Alzner - PK : Raphael Diaz, Nikita Nikitin
Penalty Shots
Enver Lisin, Curtis Glencross, Todd Fedoruk, Curtis Brown, Barry Tallackson
Knights
5 vs 5 Forward
Center Left Wing Right Wing Time % Phy DF OF
1 Darroll Powe Matt Moulson Steve Downie 35 1 1 3
2 Jarret Stoll Nigel Dawes Nikolai Zherdev 35 1 1 3
3 Nathan Gerbe Bobby Butler Chris Thorburn 15 1 1 3
4 Peter Mueller Mats Zuccarello Joel Ward 15 1 2 2
5 vs 5 Defense
Defense Defense Time % Phy DF OF
1 Zbynek Michalek Jeff Schultz 40 2 2 1
2 Karlis Skrastins Ryan Suter 30 2 2 1
3 Aaron Rome Garnet Exelby 20 2 2 1
4 Ryan Suter Jeff Schultz 10 1 2 2
PowerPlay Forward
Center Left Wing Right Wing Time % Phy DF OF
1 Darroll Powe Nigel Dawes Nikolai Zherdev 60 0 0 5
2 Jarret Stoll Matt Moulson Steve Downie 40 0 0 5
PowerPlay Defense
Defense Defense Time % Phy DF OF
1 Ryan Suter Jeff Schultz 60 0 1 4
2 Karlis Skrastins Zbynek Michalek 40 0 1 4
Penalty Kill 4 Players Forward
Center Wing Time % Phy DF OF
1 Darroll Powe Nigel Dawes 60 0 4 1
2 Nikolai Zherdev Steve Downie 40 0 4 1
Penalty Kill 4 Players Defense
Defense Defense Time % Phy DF OF
1 Karlis Skrastins Jeff Schultz 60 0 5 0
2 Zbynek Michalek Garnet Exelby 40 0 5 0
Penalty Kill - 3 Players Forward
Forward Time % Phy DF OF
1 Darroll Powe 60 0 5 0
2 Nigel Dawes 40 0 5 0
Penalty Kill - 3 Players Defense
Defense Defense Time % Phy DF OF
1 Karlis Skrastins Jeff Schultz 60 0 5 0
2 Garnet Exelby Zbynek Michalek 40 0 5 0
4 vs 4 Forward
Center Wing Time % Phy DF OF
1 Darroll Powe Nikolai Zherdev 60 0 1 4
2 Jarret Stoll Steve Downie 40 2 1 2
4 vs 4 Defense
Defense Defense Time % Phy DF OF
1 Ryan Suter Jeff Schultz 60 1 2 2
2 Karlis Skrastins Zbynek Michalek 40 1 2 2
Last Minutes Offensive
Center Left Wing Right Wing Defense Defense
Darroll Powe Matt Moulson Nikolai Zherdev Jeff Schultz Ryan Suter
Last Minutes Defensive
Center Left Wing Right Wing Defense Defense
Darroll Powe Nigel Dawes Nikolai Zherdev Jeff Schultz Karlis Skrastins
Goaltenders
Starting : Michael Leighton
Backup : Dany Sabourin
Extra Forwards
Normal : Matt Moulson, Nikolai Zherdev, Chris Thorburn - PP : Steve Downie, Nikolai Zherdev - PK : Mats Zuccarello
Extra Defensemen
Normal : Jeff Schultz, Ryan Suter, Zbynek Michalek - PP : Garnet Exelby - PK : Karlis Skrastins, Aaron Rome
Penalty Shots
Nathan Gerbe, Nikolai Zherdev, Jarret Stoll, Nigel Dawes, Matt Moulson
% Time on Ice - Blackdemons
Lines # - Real PCT - Wanted PCT - Time Play
Normal Forward
1 - 28% - 30% - 11:49
2 - 28% - 30% - 11:47
3 - 28% - 30% - 11:49
4 - 17% - 10% - 7:16
Normal Defense
1 - 38% - 40% - 16:17
2 - 31% - 30% - 13:02
3 - 30% - 30% - 12:49
4 - 1% - 0% - 0:33
PP Forward
1 - 52% - 50% - 4:11
2 - 48% - 50% - 3:55
PP Defense
1 - 50% - 50% - 4:04
2 - 50% - 50% - 4:02
PK Forward
1 - 48% - 50% - 3:10
2 - 52% - 50% - 3:28
PK Defense
1 - 52% - 50% - 3:27
2 - 48% - 50% - 3:11
PK3 Forward
1 - 0% - 60%
2 - 0% - 40%
PK3 Defense
1 - 0% - 50%
2 - 0% - 50%
44 Forward
1 - 50% - 50% - 1:17
2 - 50% - 50% - 1:18
44 Defense
1 - 50% - 50% - 1:17
2 - 50% - 50% - 1:18
Last Minute Offensive - 0:00
Last Minute Defensive - 0:00
Total
Forward - 60:00
Defense - 60:00
|
% Time on Ice - Knights
Lines # - Real PCT - Wanted PCT - Time Play
Normal Forward
1 - 29% - 35% - 12:13
2 - 28% - 35% - 12:06
3 - 22% - 15% - 9:21
4 - 21% - 15% - 9:01
Normal Defense
1 - 38% - 40% - 16:04
2 - 29% - 30% - 12:33
3 - 30% - 20% - 12:41
4 - 3% - 10% - 1:23
PP Forward
1 - 70% - 60% - 4:40
2 - 30% - 40% - 1:58
PP Defense
1 - 74% - 60% - 4:56
2 - 26% - 40% - 1:42
PK Forward
1 - 73% - 60% - 5:57
2 - 27% - 40% - 2:09
PK Defense
1 - 61% - 60% - 4:56
2 - 39% - 40% - 3:10
PK3 Forward
1 - 0% - 60%
2 - 0% - 40%
PK3 Defense
1 - 0% - 60%
2 - 0% - 40%
44 Forward
1 - 86% - 60% - 2:13
2 - 14% - 40% - 0:22
44 Defense
1 - 79% - 60% - 2:03
2 - 21% - 40% - 0:32
Last Minute Offensive - 0:00
Last Minute Defensive - 0:00
Total
Forward - 60:00
Defense - 60:00
|
Play by Play
1st period
0:01 of 1st period - Darroll Powe wins face-off versus Tomas Kopecky in neutral zone.
0:34 of 1st period - Wrist shot by Enver Lisin.
0:34 of 1st period - Shot Misses the Net.
0:36 of 1st period - Slapshot by Raphael Diaz.
0:36 of 1st period - Deflect By Sam Gagner.
0:36 of 1st period - Stopped by Michael Leighton without a rebound.
0:37 of 1st period - Zack Hamill wins face-off versus Nathan Gerbe in Knights zone.
0:42 of 1st period - Wrist shot by Barry Tallackson.
0:42 of 1st period - Stopped by Michael Leighton with a rebound.
1:07 of 1st period - Slapshot by Mats Zuccarello.
1:07 of 1st period - Stopped by Michal Neuvirth without a rebound.
1:08 of 1st period - Jarret Stoll wins face-off versus Curtis Brown in Blackdemons zone.
1:09 of 1st period - Snap shot by Nikolai Zherdev.
1:09 of 1st period - Stopped by Michal Neuvirth without a rebound.
1:10 of 1st period - Jarret Stoll wins face-off versus Sam Gagner in Blackdemons zone.
2:38 of 1st period - Steve Konowalchuk is hit by Matt Moulson and loses puck.
2:45 of 1st period - Wrist shot by Matt Moulson.
2:45 of 1st period - Stopped by Michal Neuvirth without a rebound.
2:46 of 1st period - Zack Hamill wins face-off versus Nikolai Zherdev in Blackdemons zone.
3:11 of 1st period - Darroll Powe is hit by Raphael Diaz and loses puck.
5:06 of 1st period - Snap shot by Darroll Powe.
5:06 of 1st period - Stopped by Michal Neuvirth with a rebound.
5:08 of 1st period - Wrist shot by Steve Downie.
5:08 of 1st period - Stopped by Michal Neuvirth with a rebound.
5:10 of 1st period - Backhand shot by Steve Downie.
5:10 of 1st period - Deflect By Raphael Diaz.
5:10 of 1st period - Stopped by Michal Neuvirth without a rebound.
5:11 of 1st period - Sam Gagner wins face-off versus Jarret Stoll in Blackdemons zone.
5:36 of 1st period - Jeff Schultz is hit by Nikita Nikitin and loses puck.
5:58 of 1st period - Off-side.
5:59 of 1st period - Curtis Brown wins face-off versus Nathan Gerbe in neutral zone.
6:03 of 1st period - Slapshot by Nikita Nikitin.
6:03 of 1st period - Stopped by Michael Leighton with a rebound.
6:05 of 1st period - Slapshot by Radoslav Suchy.
6:05 of 1st period - Shot Blocked by Nathan Gerbe.
6:07 of 1st period - Slapshot by Radoslav Suchy.
6:07 of 1st period - Stopped by Michael Leighton without a rebound.
6:08 of 1st period - Nigel Dawes wins face-off versus Sam Gagner in Knights zone.
7:02 of 1st period - Snap shot by Bobby Butler.
7:02 of 1st period - Stopped by Michal Neuvirth without a rebound.
7:03 of 1st period - Sam Gagner wins face-off versus Chris Thorburn in Blackdemons zone.
7:03 of 1st period - Sam Gagner is hit by Jeff Schultz.
7:11 of 1st period - Snap shot by Enver Lisin.
7:11 of 1st period - Stopped by Michael Leighton with a rebound.
7:23 of 1st period - Snap shot by Bobby Butler.
7:23 of 1st period - Stopped by Michal Neuvirth with a rebound.
7:25 of 1st period - Snap shot by Bobby Butler.
7:25 of 1st period - Stopped by Michal Neuvirth without a rebound.
7:26 of 1st period - Peter Mueller wins face-off versus Zack Hamill in Blackdemons zone.
7:42 of 1st period - Snap shot by Mats Zuccarello.
7:42 of 1st period - Stopped by Michal Neuvirth with a rebound.
8:15 of 1st period - Radoslav Suchy is hit by Ryan Suter and loses puck.
8:57 of 1st period - Snap shot by Zack Hamill.
8:57 of 1st period - Shot Misses the Net.
9:11 of 1st period - Slapshot by Chris Thorburn.
9:11 of 1st period - Stopped by Michal Neuvirth with a rebound.
9:13 of 1st period - Slapshot by Garnet Exelby.
9:13 of 1st period - Shot Misses the Net.
9:15 of 1st period - Slapshot by Aaron Rome.
9:15 of 1st period - Deflect By Chris Thorburn.
9:15 of 1st period - Stopped by Michal Neuvirth without a rebound.
9:16 of 1st period - Jarret Stoll wins face-off versus Sam Gagner in Blackdemons zone.
10:59 of 1st period - Slapshot by Todd Fedoruk.
10:59 of 1st period - Deflect By Jeff Schultz.
10:59 of 1st period - Shot Misses the Net.
10:59 of 1st period - Puck is out of play.
11:00 of 1st period - Michael Peca wins face-off versus Darroll Powe in Knights zone.
11:32 of 1st period - Snap shot by Zack Hamill.
11:32 of 1st period - Shot Blocked by Zbynek Michalek.
11:58 of 1st period - Slapshot by Mats Zuccarello.
11:58 of 1st period - Stopped by Michal Neuvirth without a rebound.
11:59 of 1st period - Zack Hamill wins face-off versus Darroll Powe in Blackdemons zone.
12:41 of 1st period - Wrist shot by Curtis Glencross.
12:41 of 1st period - Shot Misses the Net.
13:10 of 1st period - Wrist shot by Steve Konowalchuk.
13:10 of 1st period - Stopped by Michael Leighton with a rebound.
14:51 of 1st period - Slapshot by Enver Lisin.
14:51 of 1st period - Stopped by Michael Leighton without a rebound.
14:52 of 1st period - Todd Fedoruk wins face-off versus Darroll Powe in Knights zone.
14:53 of 1st period - Snap shot by Tomas Kopecky.
14:53 of 1st period - Shot Blocked by Zbynek Michalek.
14:55 of 1st period - Wrist shot by Tomas Kopecky.
14:55 of 1st period - Stopped by Michael Leighton with a rebound.
15:04 of 1st period - Minor Penalty to Darroll Powe for Roughing.
15:05 of 1st period - Sam Gagner wins face-off versus Mats Zuccarello in Knights zone.
15:06 of 1st period - Snap shot by Enver Lisin.
15:06 of 1st period - Deflect By Karlis Skrastins.
15:06 of 1st period - Shot Misses the Net.
15:06 of 1st period - Puck is out of play.
15:07 of 1st period - Sam Gagner wins face-off versus Mats Zuccarello in Knights zone.
15:39 of 1st period - Snap shot by Barry Tallackson.
15:39 of 1st period - Shot Blocked by Jarret Stoll.
15:41 of 1st period - Snap shot by Curtis Glencross.
15:41 of 1st period - Stopped by Michael Leighton with a rebound.
16:37 of 1st period - Jeff Schultz is hit by Zack Hamill and loses puck.
17:04 of 1st period - Penalty to Darroll Powe is over, Darroll Powe is back on ice.
17:45 of 1st period - Garnet Exelby is hit by Maxime Macenauer and loses puck.
19:14 of 1st period - Snap shot by Enver Lisin.
19:14 of 1st period - Deflect By Steve Konowalchuk.
19:14 of 1st period - Stopped by Michael Leighton without a rebound.
19:15 of 1st period - Darroll Powe wins face-off versus Sam Gagner in Knights zone.
19:20 of 1st period - Wrist shot by Enver Lisin.
19:20 of 1st period - Shot Hit the Post.
19:22 of 1st period - Snap shot by Nathan Paetsch.
19:22 of 1st period - Stopped by Michael Leighton with a rebound.
19:28 of 1st period - Wrist shot by Steve Konowalchuk.
19:28 of 1st period - Shot Blocked by Zbynek Michalek.
19:30 of 1st period - Snap shot by Sam Gagner.
19:30 of 1st period - Stopped by Michael Leighton without a rebound.
19:31 of 1st period - Zack Hamill wins face-off versus Jarret Stoll in Knights zone.
19:35 of 1st period - Minor Penalty to Karlis Skrastins for Tripping.
19:36 of 1st period - Zack Hamill wins face-off versus Darroll Powe in Knights zone.
19:49 of 1st period - Slapshot by Barry Tallackson.
19:49 of 1st period - Stopped by Michael Leighton with a rebound.
19:51 of 1st period - Wrist shot by Radoslav Suchy.
19:51 of 1st period - Shot Blocked by Nigel Dawes.
2nd period
0:01 of 2nd period - Darroll Powe wins face-off versus Enver Lisin in neutral zone.
0:46 of 2nd period - Snap shot by Enver Lisin.
0:46 of 2nd period - Goal by Enver Lisin - Blackdemons : 1 - Knights : 0.
0:47 of 2nd period - Zack Hamill wins face-off versus Jarret Stoll in neutral zone.
1:12 of 2nd period - Darroll Powe is hit by Jakub Kindl.
1:25 of 2nd period - Minor Penalty to Frazer Mclaren for Hooking.
1:26 of 2nd period - Darroll Powe wins face-off versus Curtis Brown in Blackdemons zone.
1:31 of 2nd period - Slapshot by Darroll Powe.
1:31 of 2nd period - Shot Blocked by Jakub Kindl.
1:33 of 2nd period - Snap shot by Jeff Schultz.
1:33 of 2nd period - Stopped by Michal Neuvirth with a rebound.
1:35 of 2nd period - Snap shot by Darroll Powe.
1:35 of 2nd period - Stopped by Michal Neuvirth without a rebound.
1:36 of 2nd period - Curtis Brown wins face-off versus Darroll Powe in Blackdemons zone.
3:13 of 2nd period - Steve Konowalchuk is hit by Nikolai Zherdev.
3:23 of 2nd period - Snap shot by Nigel Dawes.
3:23 of 2nd period - Shot Misses the Net.
3:25 of 2nd period - Penalty to Frazer Mclaren is over, Frazer Mclaren is back on ice.
3:25 of 2nd period - Slapshot by Jeff Schultz.
3:25 of 2nd period - Shot Blocked by Radoslav Suchy.
3:41 of 2nd period - Snap shot by Darroll Powe.
3:41 of 2nd period - Stopped by Michal Neuvirth with a rebound.
3:43 of 2nd period - Slapshot by Nigel Dawes.
3:43 of 2nd period - Stopped by Michal Neuvirth without a rebound.
3:44 of 2nd period - Peter Mueller wins face-off versus Zack Hamill in Blackdemons zone.
3:47 of 2nd period - Slapshot by Joel Ward.
3:47 of 2nd period - Shot Blocked by Raphael Diaz.
4:09 of 2nd period - Aaron Rome is hit by Tomas Kopecky and loses puck.
4:28 of 2nd period - Michael Peca is hit by Zbynek Michalek and loses puck.
4:39 of 2nd period - Wrist shot by Todd Fedoruk.
4:39 of 2nd period - Shot Misses the Net.
4:41 of 2nd period - Slapshot by Radoslav Suchy.
4:41 of 2nd period - Shot Misses the Net.
4:43 of 2nd period - Wrist shot by Tomas Kopecky.
4:43 of 2nd period - Stopped by Michael Leighton with a rebound.
4:53 of 2nd period - Wrist shot by Tomas Kopecky.
4:53 of 2nd period - Stopped by Michael Leighton without a rebound.
4:54 of 2nd period - Zack Hamill wins face-off versus Peter Mueller in Knights zone.
4:55 of 2nd period - Wrist shot by Curtis Glencross.
4:55 of 2nd period - Stopped by Michael Leighton without a rebound.
4:56 of 2nd period - Zack Hamill wins face-off versus Peter Mueller in Knights zone.
4:57 of 2nd period - Wrist shot by Barry Tallackson.
4:57 of 2nd period - Stopped by Michael Leighton with a rebound.
6:04 of 2nd period - Snap shot by Todd Fedoruk.
6:04 of 2nd period - Shot Blocked by Matt Moulson.
6:44 of 2nd period - Wrist shot by Barry Tallackson.
6:44 of 2nd period - Shot Misses the Net.
6:46 of 2nd period - Snap shot by Barry Tallackson.
6:46 of 2nd period - Shot Misses the Net.
6:48 of 2nd period - Slapshot by Raphael Diaz.
6:48 of 2nd period - Shot Blocked by Garnet Exelby.
6:50 of 2nd period - Backhand shot by Barry Tallackson.
6:50 of 2nd period - Shot Misses the Net.
6:52 of 2nd period - Slapshot by Raphael Diaz.
6:52 of 2nd period - Shot Blocked by Garnet Exelby.
7:22 of 2nd period - Jeff Schultz is hit by Tomas Kopecky and loses puck.
7:27 of 2nd period - Slapshot by Tomas Kopecky.
7:27 of 2nd period - Deflect By Zbynek Michalek.
7:27 of 2nd period - Shot Misses the Net.
7:27 of 2nd period - Puck is out of play.
7:28 of 2nd period - Peter Mueller wins face-off versus Michael Peca in Knights zone.
7:37 of 2nd period - Snap shot by Mats Zuccarello.
7:37 of 2nd period - Shot Misses the Net.
7:45 of 2nd period - Jeff Schultz is hit by Todd Fedoruk and loses puck.
7:50 of 2nd period - Snap shot by Michael Peca.
7:50 of 2nd period - Stopped by Michael Leighton with a rebound.
7:52 of 2nd period - Snap shot by Todd Fedoruk.
7:52 of 2nd period - Deflect By Michael Peca.
7:52 of 2nd period - Shot Blocked by Jeff Schultz.
7:52 of 2nd period - Puck is out of play.
7:53 of 2nd period - Jarret Stoll wins face-off versus Sam Gagner in Knights zone.
8:00 of 2nd period - Snap shot by Nigel Dawes.
8:00 of 2nd period - Goal by Nigel Dawes - Blackdemons : 1 - Knights : 1.
8:01 of 2nd period - Enver Lisin wins face-off versus Jarret Stoll in neutral zone.
8:31 of 2nd period - Slapshot by Curtis Glencross.
8:31 of 2nd period - Shot Blocked by Steve Downie.
8:33 of 2nd period - Snap shot by Barry Tallackson.
8:33 of 2nd period - Deflect By Curtis Glencross.
8:33 of 2nd period - Goal by Curtis Glencross - Blackdemons : 2 - Knights : 1.
8:34 of 2nd period - Jarret Stoll wins face-off versus Sam Gagner in neutral zone.
8:37 of 2nd period - Slapshot by Zbynek Michalek.
8:37 of 2nd period - Shot Blocked by Enver Lisin.
8:39 of 2nd period - Slapshot by Jarret Stoll.
8:39 of 2nd period - Shot Misses the Net.
8:56 of 2nd period - Icing by Nathan Paetsch.
8:57 of 2nd period - Sam Gagner wins face-off versus Darroll Powe in Blackdemons zone.
9:10 of 2nd period - Wrist shot by Curtis Glencross.
9:10 of 2nd period - Deflect By Barry Tallackson.
9:10 of 2nd period - Stopped by Michael Leighton with a rebound.
9:12 of 2nd period - Slapshot by Nathan Paetsch.
9:12 of 2nd period - Shot Blocked by Ryan Suter.
9:32 of 2nd period - Minor Penalty to Ryan Suter for Goalie Interference.
9:33 of 2nd period - Zack Hamill wins face-off versus Darroll Powe in Knights zone.
10:30 of 2nd period - Minor Penalty to Raphael Diaz for Hooking.
10:31 of 2nd period - Curtis Brown wins face-off versus Nikolai Zherdev in Blackdemons zone.
10:35 of 2nd period - Off-side.
10:36 of 2nd period - Darroll Powe wins face-off versus Curtis Brown in neutral zone.
10:58 of 2nd period - Icing by Curtis Brown.
10:59 of 2nd period - Darroll Powe wins face-off versus Curtis Brown in Blackdemons zone.
11:00 of 2nd period - Wrist shot by Nikolai Zherdev.
11:00 of 2nd period - Shot Misses the Net.
11:02 of 2nd period - Wrist shot by Darroll Powe.
11:02 of 2nd period - Goal by Darroll Powe - Blackdemons : 2 - Knights : 2.
11:03 of 2nd period - Darroll Powe wins face-off versus Michael Peca in neutral zone.
11:14 of 2nd period - Snap shot by Darroll Powe.
11:14 of 2nd period - Stopped by Michal Neuvirth without a rebound.
11:15 of 2nd period - Darroll Powe wins face-off versus Michael Peca in Blackdemons zone.
11:32 of 2nd period - Penalty to Ryan Suter is over, Ryan Suter is back on ice.
11:32 of 2nd period - Snap shot by Darroll Powe.
11:32 of 2nd period - Shot Blocked by Nikita Nikitin.
11:34 of 2nd period - Snap shot by Jeff Schultz.
11:34 of 2nd period - Deflect By Nikolai Zherdev.
11:34 of 2nd period - Stopped by Michal Neuvirth with a rebound.
12:10 of 2nd period - Wrist shot by Darroll Powe.
12:10 of 2nd period - Shot Blocked by Nikita Nikitin.
12:12 of 2nd period - Slapshot by Darroll Powe.
12:12 of 2nd period - Goal by Darroll Powe - Blackdemons : 2 - Knights : 3.
12:13 of 2nd period - Joel Ward wins face-off versus Enver Lisin in neutral zone.
12:20 of 2nd period - Slapshot by Joel Ward.
12:20 of 2nd period - Shot Misses the Net.
12:26 of 2nd period - Ryan Suter is hit by Jakub Kindl and loses puck.
12:45 of 2nd period - Backhand shot by Curtis Brown.
12:45 of 2nd period - Deflect By Frazer Mclaren.
12:45 of 2nd period - Shot Misses the Net.
12:45 of 2nd period - Puck is out of play.
12:46 of 2nd period - Curtis Brown wins face-off versus Jarret Stoll in Knights zone.
12:53 of 2nd period - Slapshot by Raphael Diaz.
12:53 of 2nd period - Deflect By Curtis Brown.
12:53 of 2nd period - Stopped by Michael Leighton with a rebound.
13:17 of 2nd period - Minor Penalty to Matt Moulson for Interference.
13:18 of 2nd period - Darroll Powe wins face-off versus Zack Hamill in Knights zone.
15:17 of 2nd period - Penalty to Matt Moulson is over, Matt Moulson is back on ice.
15:21 of 2nd period - Snap shot by Matt Moulson.
15:21 of 2nd period - Stopped by Michal Neuvirth with a rebound.
16:05 of 2nd period - Backhand shot by Mats Zuccarello.
16:05 of 2nd period - Shot Misses the Net.
16:19 of 2nd period - Jakub Kindl is hit by Nigel Dawes and loses puck.
16:32 of 2nd period - Snap shot by Nathan Paetsch.
16:32 of 2nd period - Shot Blocked by Jarret Stoll.
17:11 of 2nd period - Slapshot by Jeff Schultz.
17:11 of 2nd period - Stopped by Michal Neuvirth with a rebound.
17:13 of 2nd period - Snap shot by Darroll Powe.
17:13 of 2nd period - Shot Blocked by Karl Alzner.
17:15 of 2nd period - Slapshot by Darroll Powe.
17:15 of 2nd period - Goal by Darroll Powe - Blackdemons : 2 - Knights : 4.
17:16 of 2nd period - Darroll Powe wins face-off versus Zack Hamill in neutral zone.
17:19 of 2nd period - Slapshot by Steve Downie.
17:19 of 2nd period - Shot Misses the Net.
17:21 of 2nd period - Slapshot by Karlis Skrastins.
17:21 of 2nd period - Stopped by Michal Neuvirth without a rebound.
17:22 of 2nd period - Darroll Powe wins face-off versus Zack Hamill in Blackdemons zone.
18:01 of 2nd period - Nikolai Zherdev is hit by Steve Konowalchuk.
18:31 of 2nd period - Snap shot by Curtis Brown.
18:31 of 2nd period - Shot Misses the Net.
18:37 of 2nd period - Maxime Macenauer is hit by Matt Moulson and loses puck.
19:02 of 2nd period - Wrist shot by Barry Tallackson.
19:02 of 2nd period - Shot Misses the Net.
19:04 of 2nd period - Slapshot by Raphael Diaz.
19:04 of 2nd period - Deflect By Barry Tallackson.
19:04 of 2nd period - Shot Misses the Net.
19:04 of 2nd period - Puck is out of play.
19:05 of 2nd period - Sam Gagner wins face-off versus Jarret Stoll in Knights zone.
19:12 of 2nd period - Snap shot by Steve Konowalchuk.
19:12 of 2nd period - Stopped by Michael Leighton with a rebound.
19:14 of 2nd period - Slapshot by Radoslav Suchy.
19:14 of 2nd period - Shot Misses the Net.
19:16 of 2nd period - Slapshot by Radoslav Suchy.
19:16 of 2nd period - Stopped by Michael Leighton without a rebound.
19:17 of 2nd period - Jarret Stoll wins face-off versus Zack Hamill in Knights zone.
19:17 of 2nd period - Jarret Stoll is hit by Barry Tallackson.
19:29 of 2nd period - Wrist shot by Barry Tallackson.
19:29 of 2nd period - Shot Blocked by Jeff Schultz.
19:50 of 2nd period - Minor Penalty to Zbynek Michalek for Boarding.
19:51 of 2nd period - Darroll Powe wins face-off versus Zack Hamill in Knights zone.
3rd period
0:01 of 3rd period - Zack Hamill wins face-off versus Darroll Powe in neutral zone.
1:29 of 3rd period - Barry Tallackson is hit by Nikolai Zherdev.
1:30 of 3rd period - Icing by Barry Tallackson.
1:31 of 3rd period - Nikolai Zherdev wins face-off versus Zack Hamill in Blackdemons zone.
1:50 of 3rd period - Penalty to Zbynek Michalek is over, Zbynek Michalek is back on ice.
1:52 of 3rd period - Minor Penalty to Radoslav Suchy for High sticking.
1:53 of 3rd period - Jarret Stoll wins face-off versus Curtis Brown in Blackdemons zone.
2:04 of 3rd period - Wrist shot by Steve Downie.
2:04 of 3rd period - Shot Blocked by Raphael Diaz.
2:06 of 3rd period - Slapshot by Ryan Suter.
2:06 of 3rd period - Stopped by Michal Neuvirth with a rebound.
3:26 of 3rd period - Jarret Stoll is hit by Nikita Nikitin and loses puck.
3:52 of 3rd period - Penalty to Radoslav Suchy is over, Radoslav Suchy is back on ice.
4:02 of 3rd period - Curtis Glencross is hit by Joel Ward and loses puck.
4:21 of 3rd period - Aaron Rome is hit by Frazer Mclaren and loses puck.
4:34 of 3rd period - Chris Thorburn is hit by Nikita Nikitin and loses puck.
4:51 of 3rd period - Barry Tallackson is hit by Bobby Butler and loses puck.
5:09 of 3rd period - Icing by Todd Fedoruk.
5:10 of 3rd period - Jarret Stoll wins face-off versus Michael Peca in Blackdemons zone.
5:11 of 3rd period - Wrist shot by Nikolai Zherdev.
5:11 of 3rd period - Goal by Nikolai Zherdev - Blackdemons : 2 - Knights : 5.
5:12 of 3rd period - Sam Gagner wins face-off versus Jarret Stoll in neutral zone.
5:15 of 3rd period - Wrist shot by Enver Lisin.
5:15 of 3rd period - Stopped by Michael Leighton without a rebound.
5:16 of 3rd period - Jarret Stoll wins face-off versus Enver Lisin in Knights zone.
5:41 of 3rd period - Zbynek Michalek is hit by Zack Hamill and loses puck.
6:02 of 3rd period - Radoslav Suchy is hit by Bobby Butler and loses puck.
6:23 of 3rd period - Karlis Skrastins is hit by Frazer Mclaren and loses puck.
6:44 of 3rd period - Wrist shot by Barry Tallackson.
6:44 of 3rd period - Shot Misses the Net.
6:46 of 3rd period - Wrist shot by Zack Hamill.
6:46 of 3rd period - Shot Misses the Net.
6:48 of 3rd period - Slapshot by Raphael Diaz.
6:48 of 3rd period - Shot Misses the Net.
6:50 of 3rd period - Snap shot by Zack Hamill.
6:50 of 3rd period - Stopped by Michael Leighton with a rebound.
6:52 of 3rd period - Snap shot by Barry Tallackson.
6:52 of 3rd period - Shot Blocked by Nikolai Zherdev.
7:08 of 3rd period - Snap shot by Darroll Powe.
7:08 of 3rd period - Stopped by Michal Neuvirth with a rebound.
7:14 of 3rd period - Snap shot by Darroll Powe.
7:14 of 3rd period - Shot Misses the Net.
7:34 of 3rd period - Off-side.
7:35 of 3rd period - Jarret Stoll wins face-off versus Zack Hamill in neutral zone.
7:40 of 3rd period - Wrist shot by Nikolai Zherdev.
7:40 of 3rd period - Shot Blocked by Zack Hamill.
7:42 of 3rd period - Wrist shot by Nikolai Zherdev.
7:42 of 3rd period - Stopped by Michal Neuvirth without a rebound.
7:43 of 3rd period - Jarret Stoll wins face-off versus Zack Hamill in Blackdemons zone.
8:12 of 3rd period - Backhand shot by Matt Moulson.
8:12 of 3rd period - Shot Blocked by Jakub Kindl.
8:55 of 3rd period - Slapshot by Nathan Gerbe.
8:55 of 3rd period - Stopped by Michal Neuvirth with a rebound.
8:57 of 3rd period - Slapshot by Garnet Exelby.
8:57 of 3rd period - Shot Hit the Post.
8:59 of 3rd period - Slapshot by Garnet Exelby.
8:59 of 3rd period - Shot Blocked by Nikita Nikitin.
9:01 of 3rd period - Slapshot by Garnet Exelby.
9:01 of 3rd period - Deflect By Nathan Gerbe.
9:01 of 3rd period - Shot Misses the Net.
9:01 of 3rd period - Puck is out of play.
9:02 of 3rd period - Sam Gagner wins face-off versus Jarret Stoll in Blackdemons zone.
10:01 of 3rd period - Wrist shot by Barry Tallackson.
10:01 of 3rd period - Stopped by Michael Leighton with a rebound.
10:39 of 3rd period - Zbynek Michalek is hit by Nikita Nikitin and loses puck.
10:51 of 3rd period - Icing by Zbynek Michalek.
10:52 of 3rd period - Nathan Gerbe wins face-off versus Michael Peca in Knights zone.
11:04 of 3rd period - Snap shot by Nathan Paetsch.
11:04 of 3rd period - Deflect By Tomas Kopecky.
11:04 of 3rd period - Stopped by Michael Leighton without a rebound.
11:05 of 3rd period - Sam Gagner wins face-off versus Jarret Stoll in Knights zone.
11:55 of 3rd period - Peter Mueller is hit by Todd Fedoruk and loses puck.
12:39 of 3rd period - Slapshot by Karlis Skrastins.
12:39 of 3rd period - Stopped by Michal Neuvirth without a rebound.
12:40 of 3rd period - Darroll Powe wins face-off versus Zack Hamill in Blackdemons zone.
12:47 of 3rd period - Slapshot by Matt Moulson.
12:47 of 3rd period - Stopped by Michal Neuvirth with a rebound.
12:49 of 3rd period - Wrist shot by Steve Downie.
12:49 of 3rd period - Shot Misses the Net.
12:51 of 3rd period - Wrist shot by Matt Moulson.
12:51 of 3rd period - Shot Blocked by Nathan Paetsch.
12:53 of 3rd period - Slapshot by Garnet Exelby.
12:53 of 3rd period - Stopped by Michal Neuvirth without a rebound.
12:54 of 3rd period - Steve Konowalchuk wins face-off versus Jarret Stoll in Blackdemons zone.
13:01 of 3rd period - Slapshot by Nikolai Zherdev.
13:01 of 3rd period - Stopped by Michal Neuvirth with a rebound.
13:03 of 3rd period - Snap shot by Jeff Schultz.
13:03 of 3rd period - Stopped by Michal Neuvirth without a rebound.
13:03 of 3rd period - Minor Penalty to Enver Lisin for Roughing.
13:04 of 3rd period - Curtis Brown wins face-off versus Darroll Powe in Blackdemons zone.
13:15 of 3rd period - Karl Alzner is hit by Nigel Dawes and loses puck.
14:18 of 3rd period - Steve Konowalchuk is hit by Nigel Dawes and loses puck.
15:03 of 3rd period - Penalty to Enver Lisin is over, Enver Lisin is back on ice.
15:19 of 3rd period - Zbynek Michalek is hit by Curtis Glencross and loses puck.
15:42 of 3rd period - Snap shot by Chris Thorburn.
15:42 of 3rd period - Shot Misses the Net.
16:33 of 3rd period - Aaron Rome is hit by Enver Lisin and loses puck.
16:50 of 3rd period - Jeff Schultz is hit by Karl Alzner and loses puck.
17:15 of 3rd period - Snap shot by Chris Thorburn.
17:15 of 3rd period - Goal by Chris Thorburn - Blackdemons : 2 - Knights : 6.
17:16 of 3rd period - Jarret Stoll wins face-off versus Sam Gagner in neutral zone.
18:05 of 3rd period - Karlis Skrastins is hit by Curtis Glencross and loses puck.
18:25 of 3rd period - Minor Penalty to Aaron Rome for Hooking.
18:25 of 3rd period - Minor Penalty to Sam Gagner for Roughing.
18:26 of 3rd period - Michael Peca wins face-off versus Darroll Powe in Knights zone.
18:29 of 3rd period - Wrist shot by Tomas Kopecky.
18:29 of 3rd period - Shot Misses the Net.
19:25 of 3rd period - Radoslav Suchy is hit by Zbynek Michalek and loses puck.
19:38 of 3rd period - Radoslav Suchy is hit by Nikolai Zherdev and loses puck.
Output by the SimonT Hockey Simulator (STHS) for François Prévost -- Original Page W3C XHTML 1.0 Valid